 Dungeon Crawl Stone Soup version 0.31-a0-728-g01b46875f1 (webtiles) character file.

Game seed: 17018053655380240362

1043 Kahsius the Chopper (level 8, -2/63 HPs)
             Began as a Gnoll Reaver on Sept 11, 2023.
             Was a Follower of Okawaru.
             Succumbed to a water moccasin's poison
             ... on level 6 of the Dungeon.
             The game lasted 00:18:02 (6230 turns).

Kahsius the Chopper (Gnoll Reaver)                  Turns: 6230, Time: 00:18:02

Health: -2/63      AC: 14    Str: 13    XL:     8   Next: 25%
Magic:  17/17      EV:  4    Int: 14    God:    Okawaru [*.....]
Gold:   136        SH:  0    Dex: 10    Spells: 16/19 levels left

rFire   . . .        d - +0 war axe
rCold   . . .        (no shield)
rNeg    . . .        t - +0 plate armour
rPois   .            o - +0 helmet
rElec   .            (no cloak)
rCorr   .            I - +0 pair of gloves
SInv    +            f - +0 pair of boots
Will    .....        (no amulet) Stlth
                     c - ring of see invisible
HPRegen 0.30/turn    (no ring)
MPRegen 0.15/turn

%: no passive effects
@: lethally poisoned (-2 -> -26)
A: fangs 1, strong nose, distributed training
a: Renounce Religion, Heroism


You were on level 6 of the Dungeon.
You worshipped Okawaru.
Okawaru was aware of your devotion.
You visited 2 branches of the dungeon, and saw 7 of its levels.

You collected 224 gold pieces.
You spent 88 gold pieces at shops.

Inventory:

Hand Weapons
 d - a +0 war axe (weapon)
Missiles
 s - a throwing net
Armour
 f - a +0 pair of boots (worn)
 o - a +0 helmet (worn)
 t - a +0 plate armour (worn)
 I - a +0 pair of gloves (worn)
Jewellery
 c - a ring of see invisible (left hand)
 q - an amulet of magic regeneration
 H - an amulet of regeneration
Talismans
 r - a serpent talisman
Wands
 x - a wand of polymorph (5)
 B - a wand of roots (6)
Scrolls
 a - a scroll of fog {unknown}
 b - 2 scrolls of silence
 e - 4 scrolls of teleportation
 i - a scroll of poison {unknown}
 j - 2 scrolls of immolation
 k - 2 scrolls of fear
 m - a scroll of identify
 u - 2 scrolls of amnesia {unknown}
 z - a scroll of vulnerability {unknown}
 G - a scroll of enchant armour {unknown}
Potions
 g - a potion of heal wounds
 h - 2 potions of curing
 l - a potion of haste {unknown}
 n - 2 potions of brilliance
 p - a potion of lignification
 v - a potion of ambrosia {unknown}
 w - 2 potions of enlightenment {unknown}
 A - 2 potions of mutation {unknown}
 C - a potion of invisibility {unknown}
 D - 2 potions of berserk rage
 E - a potion of degeneration {unknown}
 F - 2 potions of might {unknown}
 J - a potion of cancellation {unknown}


   Skills:
 + Level 5.6 Fighting
 + Level 3.1 Short Blades
 + Level 3.1 Long Blades
 + Level 7.3 Axes
 + Level 3.1 Maces & Flails
 + Level 3.1 Polearms
 + Level 3.1 Staves
 + Level 3.1 Ranged Weapons
 + Level 3.1 Throwing
 + Level 3.1 Armour
 + Level 5.6 Dodging
 + Level 3.1 Stealth
 + Level 3.1 Shields
 + Level 3.1 Unarmed Combat
 + Level 6.0 Spellcasting
 + Level 6.1 Conjurations
 + Level 2.5 Hexes
 + Level 2.5 Summonings
 + Level 2.5 Necromancy
 + Level 2.5 Translocations
 + Level 2.5 Transmutations
 + Level 2.5 Fire Magic
 + Level 2.5 Ice Magic
 + Level 2.5 Air Magic
 + Level 2.5 Earth Magic
 + Level 2.5 Poison Magic
 + Level 3.5 Invocations
 + Level 3.1 Evocations
 + Level 2.8 Shapeshifting


You had 16 spell levels left.
You knew the following spells:

 Your Spells              Type           Power      Damage    Failure   Level
a - Kiss of Death         Conj/Necr      64%        2d10      98%         1
b - Momentum Strike       Conj/Tloc      32%        3d8       99%         2

Your spell library contained the following spells:

 Spells                   Type           Power      Damage    Failure   Level
 Static Discharge         Conj/Air       32%        2-4/arc   99%         2
 Hailstorm                Conj/Ice       16%        3d6       100%        3
 Ozocubu's Armour         Ice            11%        N/A       100%        3
 Airstrike                Air            5%         2d(1-17)  100%        4
 Metabolic Englaciation   Hex/Ice        5%         N/A       100%        5
 Summon Ice Beast         Ice/Summ       Unusable   N/A       N/A         4
 Summon Lightning Spire   Summ/Air       Unusable   N/A       N/A         4
 Summon Mana Viper        Hex/Summ       Unusable   N/A       N/A         5
 Simulacrum               Ice/Necr       Unusable   N/A       N/A         6
 Monstrous Menagerie      Summ           Unusable   N/A       N/A         7

Dungeon Overview and Level Annotations

Branches:
Dungeon (6/15)             Temple (1/1) D:4

Altars:
Cheibriados
Dithmenos
Elyvilon
Kikubaaqudgha
Nemelex Xobeh
Okawaru
Qazlal
Ru
Sif Muna
Trog
Uskayaw
Vehumet
Wu Jian
Xom
Yredelemnul
Zin
The Shining One

Shops:
D:1 [   D:5 ([![


Innate Abilities, Weirdness & Mutations

You have very sharp teeth.
Your uncanny sense of smell can sniff out nearby items.
Your experience applies equally to all skills.


Message History

The water moccasin is moderately wounded.
You feel sick.
The water moccasin bites you but does no damage. x2
You hit the water moccasin.
The water moccasin is heavily wounded.
You feel sick. The water moccasin bites you.
You barely miss the water moccasin.
The water moccasin is heavily wounded.
You feel sick. The water moccasin bites you.
You are more poisoned.
The water moccasin poisons you! The water moccasin bites you.
You slash the water moccasin!
The water moccasin is severely wounded.
You feel very sick. The water moccasin bites you.
The water moccasin bites you but does no damage.
You hit the water moccasin but do no damage.
You bite the water moccasin, but do no damage.
The water moccasin is severely wounded.
You feel very sick.
The water moccasin bites you but does no damage.
You closely miss the water moccasin.
The water moccasin is severely wounded.
You feel very sick. The water moccasin bites you.
* * * LOW HITPOINT WARNING * * *
You are lethally poisoned!
The water moccasin poisons you! The water moccasin bites you.
* * * LOW HITPOINT WARNING * * *
You are more poisoned.
The water moccasin poisons you!
You slash the water moccasin! Your bite misses the water moccasin.
The water moccasin is almost dead.
* * * LOW HITPOINT WARNING * * *
You feel extremely sick.
The water moccasin bites you but does no damage.
You hit the water moccasin.
You kill the water moccasin!
Okawaru accepts your kill.
You die...

#.........# .
####....##..# .##
...#....##..#
..##....#....##..#
#..#....###)###.[#
#.......# #......#
#...... #.####.#
#####...# #.....).
#....@# #....... #.....#
[# #.....#. #.....#∆...
#....... ######.#
##.####....... #.# #.#
............#.
##.####.#####.....#...#.
##................>.^.##.
#.....##.####......#####.
#.............####.#.....


There were no monsters in sight!

Vanquished Creatures
  A water moccasin (D:6)
  A sky beast (D:6)
  A black bear (D:4)
  3 ogres
  A scorpion (D:2)
  A howler monkey (D:5)
  2 jellies (D:4)
  2 hounds
  A sleepcap (D:6)
  4 iguanas
  14 gnolls
  4 adders
  2 white imps (D:5)
  2 worms (D:2)
  3 dart slugs
  An orc (D:6)
  4 bats
  8 endoplasms
  5 giant cockroaches
  5 goblins
  6 hobgoblins
  3 jackals (D:2)
  8 kobolds
  5 quokkas
  3 ball pythons
  A frilled lizard (D:1)
  3 rats
94 creatures vanquished.

Notes
Turn   | Place    | Note
-------+----------+-------------------------------------------
     0 | D:1      | Kahsius the Gnoll Reaver began the quest for the Orb.
     0 | D:1      | Reached XP level 1. HP: 20/20 MP: 6/6
   139 | D:1      | Reached XP level 2. HP: 19/26 MP: 7/7
   273 | D:1      | Found a faded altar of an unknown god.
   463 | D:1      | Found Ziboinys's Armour Shoppe.
   554 | D:1      | Learned a level 2 spell: Momentum Strike
   623 | D:1      | Reached XP level 3. HP: 31/31 MP: 9/9
   676 | D:1      | Reached skill level 5 in Spellcasting
   926 | D:2      | Reached skill level 1 in Invocations
  1060 | D:2      | Reached skill level 1 in Short Blades
  1060 | D:2      | Reached skill level 1 in Long Blades
  1060 | D:2      | Reached skill level 1 in Maces & Flails
  1060 | D:2      | Reached skill level 1 in Polearms
  1060 | D:2      | Reached skill level 1 in Staves
  1060 | D:2      | Reached skill level 1 in Ranged Weapons
  1060 | D:2      | Reached skill level 1 in Throwing
  1060 | D:2      | Reached skill level 1 in Armour
  1060 | D:2      | Reached skill level 1 in Stealth
  1060 | D:2      | Reached skill level 1 in Shields
  1060 | D:2      | Reached skill level 1 in Unarmed Combat
  1060 | D:2      | Reached skill level 1 in Evocations
  1146 | D:2      | Reached XP level 4. HP: 38/38 MP: 11/11
  1180 | D:2      | Reached skill level 1 in Shapeshifting
  1448 | D:3      | Noticed a scorpion
  1464 | D:2      | Killed a scorpion
  1465 | D:2      | Reached skill level 1 in Hexes
  1465 | D:2      | Reached skill level 1 in Summonings
  1465 | D:2      | Reached skill level 1 in Necromancy
  1465 | D:2      | Reached skill level 1 in Translocations
  1465 | D:2      | Reached skill level 1 in Transmutations
  1465 | D:2      | Reached skill level 1 in Fire Magic
  1465 | D:2      | Reached skill level 1 in Ice Magic
  1465 | D:2      | Reached skill level 1 in Air Magic
  1465 | D:2      | Reached skill level 1 in Earth Magic
  1465 | D:2      | Reached skill level 1 in Poison Magic
  1465 | D:2      | Reached XP level 5. HP: 43/43 MP: 7/12
  2294 | D:4      | Noticed a black bear
  2399 | D:4      | Killed a black bear
  2400 | D:4      | Reached skill level 5 in Fighting
  2400 | D:4      | Reached skill level 5 in Dodging
  2400 | D:4      | Reached XP level 6. HP: 51/51 MP: 14/14
  3077 | D:5      | Entered Level 5 of the Dungeon
  3361 | D:4      | Reached XP level 7. HP: 45/56 MP: 15/15
  3522 | D:4      | Found a staircase to the Ecumenical Temple.
  3528 | Temple   | Entered the Ecumenical Temple
  3603 | Temple   | Became a worshipper of Warmaster Okawaru
  3829 | D:5      | Reached skill level 7 in Axes
  3838 | D:5      | HP: 1/56 [iguana (3)]
  3844 | D:5      | HP: 1/56 [iguana (2)]
  4613 | D:5      | Found Irenoekk's Armour Shop.
  4613 | D:5      | Found Taist's Antique Weapon Shop.
  4634 | D:5      | Found Palogats's Armour Shop.
  4811 | D:5      | Found Teon's Distillery.
  4822 | D:5      | Bought a potion of curing for 33 gold pieces
  4822 | D:5      | Bought a potion of berserk rage for 55 gold pieces
  5151 | D:6      | Reached * piety under Okawaru
  5237 | D:6      | Reached XP level 8. HP: 14/63 MP: 16/16
  5418 | D:6      | Noticed a cyclops
  5739 | D:6      | HP: 3/63 [cyclops/large rock (39)]
  6230 | D:6      | Succumbed to a water moccasin's poison

Illustrated notes

Levels and vault maps discovered:
D:1:      dpeg_arrival_round_b, layout_basic,
          shapermc_ecumenical_altar_flowoftime, serial_shops,
          nicolae_shop_hallway_plus
D:2:      layout_rooms
D:3:      layout_rooms, minmay_misc_feat_square
D:4:      layout_layer_cave, minmay_temple_entry_fiery, serial_forest,
          infiniplex_forest_clump_long, infiniplex_forest_corner_1,
          infiniplex_forest_end_2, infiniplex_forest_end_1,
          infiniplex_forest_clump_curved, infiniplex_forest_lined_ring,
          infiniplex_forest_3_way, infiniplex_forest_lined_corner,
          infiniplex_forest_join
D:5:      layout_basic, minmay_shop_grid_forest, grunt_decor_arrowhead
D:6:      layout_basic, uniq_jeremiah
Temple:   nicolae_temple_bog_church

Skill      XL: |  1  2  3  4  5  6  7  8 |
---------------+-------------------------+-----
Spellcasting   | 5 6 |  6.0
Invocations    | 1 2 3 |  3.5
Short Blades   | 1 2 3 |  3.1
Long Blades    | 1 2 3 |  3.1
Maces & Flails | 1 2 3 |  3.1
Polearms       | 1 2 3 |  3.1
Staves         | 1 2 3 |  3.1
Ranged Weapons | 1 2 3 |  3.1
Throwing       | 1 2 3 |  3.1
Armour         | 1 2 3 |  3.1
Stealth        | 1 2 3 |  3.1
Shields        | 1 2 3 |  3.1
Unarmed Combat | 1 2 3 |  3.1
Evocations     | 1 2 3 |  3.1
Shapeshifting  | 1 2 |  2.8
Hexes          | 1 2 |  2.5
Summonings     | 1 2 |  2.5
Necromancy     | 1 2 |  2.5
Translocations | 1 2 |  2.5
Transmutations | 1 2 |  2.5
Fire Magic     | 1 2 |  2.5
Ice Magic      | 1 2 |  2.5
Air Magic      | 1 2 |  2.5
Earth Magic    | 1 2 |  2.5
Poison Magic   | 1 2 |  2.5
Fighting       | 5 |  5.6
Dodging        | 5 |  5.6
Axes           | 7 |  7.3
Conjurations   | 6 |  6.1

Action                     |  1- 3 |  4- 6 |  7- 9 || total
---------------------------+-------+-------+-------++-------
  Melee: War axe           |    93 |   135 |   136 ||   364
         Bite              |     7 |    16 |    14 ||    37
   Cast: Kiss of Death     |     1 |       |       ||     1
         Momentum Strike   |     1 |     2 |       ||     3
 Invoke: Heroism           |       |       |     1 ||     1
Ability: Begin Untransform |       |       |     1 ||     1
    Use: Potion            |       |     2 |     2 ||     4
         Scroll            |       |       |     5 ||     5
 Armour: Leather armour    |    29 |       |       ||    29
         Ring mail         |    26 |    59 |       ||    85
         Skin              |     1 |    24 |       ||    25
         Plate armour      |       |    81 |   173 ||   254
  Dodge: Dodged            |    78 |    71 |    28 ||   177
   Form: Beast             |       |       |     1 ||     1

Table legend: (Time is in decaauts)
 A = Elapsed time spent in this place.
 B = Non-inter-level travel time spent in this place.
 C = Inter-level travel time spent in this place.
 D = Time resting spent in this place.
 E = Time spent auto-exploring this place.
 F = Levels seen in this place.
 G = Mean time per level.
                   A        B        C        D        E       F      G
               +--------+--------+--------+--------+--------+-----+--------+
         Total |   6303 |   6043 |    260 |    745 |   4128 |   7 |  900.4 |
       Dungeon |   6217 |   5962 |    255 |    745 |   4128 |   6 | 1036.2 |
        Temple |     86 |     81 |      5 |      0 |      0 |   1 |   86.0 |
               +--------+--------+--------+--------+--------+-----+--------+

Top non-repeatable levels by time:
     D:4: 1760 daAuts
     D:5: 1371 daAuts
     D:2: 885 daAuts
     D:6: 881 daAuts
     D:1: 821 daAuts
     D:3: 496 daAuts
  Temple: 86 daAuts
